 Dungeon Crawl Stone Soup version 0.23-a0-4-g8f018a2 (webtiles) character file.

16 inc the Magician (level 2, 0/19 HPs)
             Began as a Mummy Fire Elementalist on July 31, 2018.
             Slain by a bat (1 damage)
             ... on level 2 of the Dungeon.
             The game lasted 00:01:12 (720 turns).

inc the Magician (Mummy Fire Elementalist)           Turns: 720, Time: 00:01:13

Health: 0/19       AC:  2    Str: 11    XL:     2   Next: 37%
Magic:  0/5        EV: 12    Int: 14    God:
Gold:   51         SH:  0    Dex: 12    Spells: 5/6 levels left

rFire    x . .     SeeInvis .   c - +0 whip
rCold    + . .     Gourm    .   (no shield)
rNeg     + + +     Faith    .   a - +0 robe
rPois    ∞         Spirit   .   (no helmet)
rElec    .         Reflect  .   (no cloak)
rCorr    +         Harm     .   (no gloves)
MR       .....                  (no boots)
Stlth    ++........             (no amulet)
HPRegen  0.06/turn              f - ring of resist corrosion
MPRegen  0.09/turn              (no ring)

@: no status effects
A: no food or potions, fire vulnerability, cold resistance 1, negative energy
resistance 3, torment resistance, unbreathing
a: no special abilities


You were on level 2 of the Dungeon.
You were not hungry.

You visited 1 branch of the dungeon, and saw 2 of its levels.

You collected 51 gold pieces.

Inventory:

Hand Weapons
 c - a +0 whip (weapon)
Armour
 a - a +0 robe (worn)
Jewellery
 f - a ring of resist corrosion (left hand)
Scrolls
 b - a scroll of teleportation {unknown}
 d - a scroll of enchant weapon {unknown}
 e - a scroll of amnesia {unknown}
 g - 2 scrolls of fog {unknown}
 h - a scroll of identify {unknown}


   Skills:
 - Level 1.5 Dodging
 - Level 1.5 Stealth
 - Level 2.6 Spellcasting
 + Level 2.0 Conjurations
 - Level 2.4 Fire Magic


You had 5 spell levels left.
You knew the following spells:

 Your Spells              Type           Power        Failure   Level  Hunger
a - Flame Tongue          Conj/Fire      #....        9%          1    N/A

Your spell library contained the following spells:

 Spells                   Type           Power        Failure   Level  Hunger
 Fireball                 Conj/Fire      #.........   94%         5    N/A
 Conjure Flame            Conj/Fire      #.......     26%         3    N/A
 Throw Flame              Conj/Fire      #.....       14%         2    N/A
 Sticky Flame             Conj/Fire      #.......     65%         4    N/A
 Inner Flame              Hex/Fire       #.......     38%         3    N/A

Dungeon Overview and Level Annotations

Branches:
Dungeon (2/15)

Altars:
The Shining One


Innate Abilities, Weirdness & Mutations

You do not eat or drink.
Your flesh is vulnerable to fire.
You are immune to poison.
Your flesh is cold resistant. (rC+)
You are immune to negative energy. (rN+++)
You are immune to unholy pain and torment.
You can survive without breathing.


Message History

Confirm with . or Enter, or press ? or * to list all spells.
You don't have enough magic to cast that spell.
The bat closely misses you.
Unknown command.
Casting: Flame Tongue (safe; 9% risk of failure)
Confirm with . or Enter, or press ? or * to list all spells.
Aiming: Flame Tongue (safe; 9% risk of failure)
Press: ? - help, Shift-Dir - straight line, f/p - hobgoblin
Aim: a hobgoblin, wearing a chain mail (moderately wounded)
The flame tongue hits the hobgoblin.
The hobgoblin is heavily wounded.
The bat hits you.
* * * LOW HITPOINT WARNING * * *
The hobgoblin closely misses you.
Unknown command.
A rat comes into view.
The hobgoblin closely misses you. The bat closely misses you.
The bat closely misses you. The bat hits you.
You die...

#.. .. .# ###.## #.
#....# #.. #....###.
....##### #........
#........# #@...r...
#........#####b..$....
>.............g.......
.......).#.†..........
.........<............
..........†..#.......#
............##.....###
............####.#.#
...?......#.# .#...


You could see a hobgoblin, a bat and a rat.

Vanquished Creatures
  A dart slug (D:1)
  2 ball pythons (D:1)
  A goblin (D:1)
  A hobgoblin (D:1)
  A kobold (D:1)
  4 bats
  3 rats
13 creatures vanquished.

Notes
Turn   | Place    | Note
-------+----------+-------------------------------------------
     0 | D:1      | inc the Mummy Fire Elementalist began the quest for the Orb.
     0 | D:1      | Reached XP level 1. HP: 13/13 MP: 4/4
    61 | D:1      | Reached skill level 1 in Conjurations
   361 | D:1      | Reached XP level 2. HP: 16/19 MP: 0/5
   488 | D:1      | Found a glowing golden altar of the Shining One.
   720 | D:2      | Slain by a bat

Vault maps used:
D:1:      scummos_arrival_simple_crosswalls, serial_corexii_hall,
          corexii_hall_statues_x, corexii_hall_statues_i,
          corexii_hall_statues_i, corexii_hall_statues_x, corexii_corridor_pit,
          tso_metal_star

Skill      XL: |  1  2 |
---------------+-------+-----
Conjurations   | 1 2 |  2.0
Dodging        | |  1.5
Stealth        | |  1.5
Spellcasting   | |  2.6
Fire Magic     | |  2.4

Action                   || total
-------------------------++-------
Melee: Whip              ||    13
 Cast: Flame Tongue      ||    23
Armor: Robe              ||     3
Dodge: Dodged            ||    34

Table legend:
 A = Spawn XP
 B = Non-spawn XP
 C = Spawn XP percentage of total XP
 D = Spawn monster count
 E = Non-spawn monster count
 F = Spawn count percentage of total count
 G = Total turns spent on level
                    A         B        C        D         E        F      G
               +---------+---------+-------+---------+---------+-------+---------
         Total |       0 |      23 |   0.0 |       0 |      13 |   0.0 |   720
               +---------+---------+-------+---------+---------+-------+---------
           D:1 |       0 |      19 |   0.0 |       0 |      10 |   0.0 |   672
           D:2 |       0 |       4 |   0.0 |       0 |       3 |   0.0 |    48
               +---------+---------+-------+---------+---------+-------+---------
